 Dungeon Crawl Stone Soup version 0.27.1-1-g398f81649c (webtiles) character file.

Game seed: 16702224119058848555

1454 Autumnman the Chopper (level 8, -2/96 HPs)
             Began as a Demonspawn Berserker on Sept 10, 2021.
             Was a Priest of Trog.
             Succumbed to a water moccasin's poison
             ... on level 6 of the Dungeon.
             The game lasted 00:14:30 (5786 turns).

Autumnman the Chopper (Demonspawn Berserker)        Turns: 5786, Time: 00:14:30

Health: -2/96      AC: 10    Str: 20    XL:     8   Next: 47%
Magic:  8/8        EV:  8    Int:  9    God:    Trog [***...]
Gold:   122        SH:  4    Dex: 12    Spells: 7/7 levels left

rFire    . . .     SeeInvis .   a - +0 hand axe
rCold    + . .     Faith    .   (no shield)
rNeg     . . .     Spirit   .   g - +1 chain mail {rC+}
rPois    .         Reflect  .   (helmet restricted)
rElec    .         Harm     .   (no cloak)
rCorr    .         Rampage  .   (no gloves)
Will     .....                  (no boots)
Stlth    ..........             (no amulet)
HPRegen  0.26/turn              l - ring of flight
MPRegen  0.11/turn              (no ring)

@: berserking, lethally poisoned (-2 -> -20), flying, very quick
A: antennae 1, powered by death 1, condensation shield
a: Renounce Religion, Berserk, Trog's Hand


You were on level 6 of the Dungeon.
You worshipped Trog.
Trog was most pleased with you.
You visited 1 branch of the dungeon, and saw 6 of its levels.

You collected 122 gold pieces.

Inventory:

Hand Weapons
 a - a +0 hand axe (weapon)
Missiles
 m - a throwing net (quivered)
Armour
 g - a +1 chain mail of cold resistance (worn)
Jewellery
 h - a +6 ring of intelligence
 j - a ring of ice
 l - a ring of flight (left hand)
 n - a ring of see invisible
Wands
 d - a wand of paralysis (11)
 f - a wand of polymorph (6)
Scrolls
 c - a scroll of vulnerability {unknown}
 e - a scroll of immolation {unknown}
 i - 2 scrolls of noise {unknown}
 o - a scroll of torment {unknown}
Potions
 b - 2 potions of magic {unknown}
 k - a potion of berserk rage {unknown}


   Skills:
 * Level 5.9 Fighting
 + Level 6.9 Axes
 * Level 5.0 Armour
 + Level 2.8 Dodging
 - Level 0.8 Stealth
 - Level 0.5 Shields


You had 7 spell levels left.
You didn't know any spells.
Your spell library was empty.

Dungeon Overview and Level Annotations

Branches:
Dungeon (6/15)             Temple (0/1) D:6

Altars:
Dithmenos
Trog


Innate Abilities, Weirdness & Mutations

You have a pair of small antennae on your head.
You regenerate a little health from kills.
A meltable shield of frost defends you. (SH +4)


Message History

You slash the water moccasin!
The water moccasin is heavily wounded.
You feel very sick.
The water moccasin bites you but does no damage.
The water moccasin bites you.
You miss the water moccasin.
The water moccasin is heavily wounded.
You feel very sick. The water moccasin bites you!
* * * LOW HITPOINT WARNING * * *
You slash the water moccasin!
The water moccasin is severely wounded.
You feel sick.
The water moccasin bites you but does no damage.
You hit the water moccasin but do no damage.
The water moccasin is severely wounded.
You feel sick. The water moccasin barely misses you.
The water moccasin bites you but does no damage.
You closely miss the water moccasin.
The water moccasin is severely wounded.
You feel sick. The water moccasin bites you.
* * * LOW HITPOINT WARNING * * *
You are lethally poisoned!
The water moccasin poisons you!
A red film seems to cover your vision as you go berserk!
You feel yourself moving faster!
You feel mighty!
* * * LOW HITPOINT WARNING * * *
You feel very sick. The water moccasin bites you.
* * * LOW HITPOINT WARNING * * *
You are more poisoned.
The water moccasin poisons you!
You barely miss the water moccasin.
The water moccasin is severely wounded.
* * * LOW HITPOINT WARNING * * *
You feel very sick.
The water moccasin completely misses you.
You miss the water moccasin.
The water moccasin is severely wounded.
You die...

#.>.#####.#####+##
#...# #........#
#### #........#
#........#
#........#
#........#
#........#
#........#
#.......@#
#.......S......#
#..............#
######.........#
#..........
#.........#
#.#####.### #. .#


You could see a water moccasin.

Vanquished Creatures
  Sigmund (D:2)
  2 ice beasts (D:5)
  An ogre (D:6)
  A black bear (D:6)
  A centaur (D:5)
  A phantom (D:6)
  A bullfrog (D:5)
  A scorpion (D:6)
  A water moccasin skeleton (D:4)
  A centaur zombie (D:5)
  2 orc priests (D:5)
  3 hounds
  3 jellies
  A centaur skeleton (D:5)
  Ijyb (D:3)
  2 iguanas (D:5)
  2 orc wizards (D:5)
  A hound skeleton (D:4)
  A howler monkey skeleton (D:5)
  8 adders
  A white imp (D:6)
  2 ufetubi
  2 worms (D:3)
  2 dart slugs
  7 orcs
  5 endoplasms
  4 giant cockroaches
  6 goblins
  4 hobgoblins
  4 jackals (D:1)
  6 kobolds
  A quokka (D:4)
  4 ball pythons
  4 bats
  10 rats
97 creatures vanquished.

Notes
Turn   | Place    | Note
-------+----------+-------------------------------------------
     0 | D:1      | Autumnman the Demonspawn Berserker began the quest for the
                  | Orb.
     0 | D:1      | Reached XP level 1. HP: 18/18 MP: 1/1
   475 | D:1      | Gained mutation: A meltable shield of frost defends you.
                  | (SH +4) [demonic ancestry]
   475 | D:1      | Reached XP level 2. HP: 17/24 MP: 2/2
  1471 | D:2      | Reached skill level 3 in Axes
  1698 | D:2      | Gained mutation: You regenerate a little health from kills.
                  | [demonic ancestry]
  1698 | D:2      | Reached XP level 3. HP: 14/29 MP: 3/3
  2417 | D:2      | Noticed Sigmund
  2432 | D:2      | Killed Sigmund
  2433 | D:2      | Reached skill level 4 in Axes
  2433 | D:2      | Reached XP level 4. HP: 34/37 MP: 4/4
  2433 | D:2      | Reached XP level 5. HP: 39/42 MP: 5/5
  2702 | D:2      | Found a faded altar of an unknown god.
  2867 | D:3      | Found a shadowy altar of Dithmenos.
  3211 | D:3      | Noticed Ijyb
  3233 | D:3      | Killed Ijyb
  3234 | D:3      | Reached XP level 6. HP: 48/48 MP: 6/6
  3343 | D:3      | Reached ** piety under Trog
  3846 | D:4      | Reached skill level 5 in Axes
  4305 | D:5      | Entered Level 5 of the Dungeon
  4428 | D:5      | Reached XP level 7. HP: 55/55 MP: 7/7
  4531 | D:5      | Reached skill level 5 in Fighting
  4776 | D:5      | Reached skill level 6 in Axes
  5084 | D:5      | Gained mutation: You have a pair of small antennae on your
                  | head. [demonic ancestry]
  5084 | D:5      | Reached XP level 8. HP: 36/63 MP: 8/8
  5321 | D:5      | Found a bloodstained altar of Trog.
  5335 | D:5      | Reached *** piety under Trog
  5666 | D:6      | Reached skill level 5 in Armour
  5728 | D:6      | Found a staircase to the Ecumenical Temple.
  5784 | D:6      | HP: 4/96 [water moccasin (2)]
  5785 | D:6      | HP: 1/96 [poisoned by a water moccasin]
  5786 | D:6      | Succumbed to a water moccasin's poison

Illustrated notes

Levels and vault maps discovered:
D:1:      erik_arrival_cave_to_civilisation [erik_arrival_cave_to_hall],
          layout_basic, nrook_uturn, minmay_crystal_water
D:2:      layout_basic, shapermc_ecumenical_altar_mp_ritualfount,
          minmay_misc_feat_alley, grunt_decor_mini_mirrors,
          palyth_stone_intersect, hangedman_abyss_or_decor_stabs, uniq_sigmund
D:3:      layout_loops_ring, nicolae_dithmenos_shadow_blocks,
          minmay_diced_spiral, uniq_ijyb
D:4:      layout_loops_cross, kennysheep_cluttered_room,
          minmay_misc_feat_four_crosses, mrwooster_statue_mirror
D:5:      layout_gridville, trog_hazing_becter, hex_medium
D:6:      layout_basic, nicolae_overflow_crystal_walls,
          minmay_temple_entry_from_below_a

Skill      XL: |  1  2  3  4  5  6  7  8 |
---------------+-------------------------+-----
Dodging        | 2 |  2.8
Axes           | 3 4 5 6 |  6.9
Armour         | 2 3 4 5 |  5.0
Fighting       | 4 5 |  5.9
Stealth        | |  0.8
Shields        | |  0.5

Action                   |  1- 3 |  4- 6 |  7- 9 || total
-------------------------+-------+-------+-------++-------
Melee: Hand axe          |   102 |   163 |   182 ||   447
Invok: Berserk           |     1 |     2 |     4 ||     7
Armor: Animal skin       |     4 |       |       ||     4
       Ring mail         |    15 |    11 |       ||    26
       Leather armour    |     1 |       |       ||     1
       Chain mail        |       |    59 |   110 ||   169
Dodge: Dodged            |    70 |    62 |    71 ||   203
Block: Other             |     9 |    27 |    40 ||    76
